 Dungeon Crawl Stone Soup version 0.27-a0-1200-g94dc6ad4cf (webtiles) character file.

Game seed: 13609106969825705060

3798 wakim the Cleaver (level 9, -8/81 HPs)
             Began as a Minotaur Gladiator on May 31, 2021.
             Was a Follower of Makhleb.
             Mangled by an orc warrior
             ... wielding a +0 glaive
              (13 damage)
             ... in a bailey.
             The game lasted 00:17:17 (7372 turns).

wakim the Cleaver (Minotaur Gladiator)              Turns: 7372, Time: 00:17:18

Health: -8/81      AC: 15    Str: 28    XL:     9   Next: 96%
Magic:  11/11      EV:  9    Int:  5    God:    Makhleb [*.....]
Gold:   280        SH:  0    Dex: 12    Spells: 8/8 levels left

rFire    . . .     SeeInvis .   a - +0 dire flail
rCold    + . .     Faith    .   (shield currently unavailable)
rNeg     . . .     Spirit   .   f - +0 plate armour
rPois    .         Reflect  .   c - +1 hat
rElec    .         Harm     .   o - +0 cloak
rCorr    .         Rampage  .   (no gloves)
Will     .....                  (no boots)
Stlth    ..........             (no amulet)
HPRegen  0.23/turn              h - +6 ring of strength
MPRegen  0.12/turn              d - ring of protection from cold

@: no status effects
A: horns 2, retaliatory headbutt
a: Renounce Religion


You were in a bailey.
You worshipped Makhleb.
Makhleb was aware of your devotion.
You visited 2 branches of the dungeon, and saw 9 of its levels.
You also visited: Bailey.

You collected 280 gold pieces.

Inventory:

Hand Weapons
 a - a +0 dire flail (weapon)
 b - a +0 battleaxe
 m - the +3 mace "Hyjerirch" {drain, Int+6}
   (You found it on level 5 of the Dungeon)

   A truly terrible weapon, it drains the life of those it strikes.
   It affects your intelligence (+6).
 z - a +1 vorpal hunting sling
Missiles
 i - 6 curare-tipped darts (quivered) {=f}
 n - 16 sling bullets
 q - 3 throwing nets {=f!f}
Armour
 c - a +1 hat (worn)
 f - a +0 plate armour (worn)
 o - a +0 cloak (worn)
Jewellery
 d - a ring of protection from cold (right hand)
 e - a ring of fire
 h - a +6 ring of strength (left hand)
 p - a ring of protection from cold
Wands
 t - a wand of digging (4)
 v - a wand of flame (24)
 x - a wand of iceblast (8)
Scrolls
 R - 2 scrolls of magic mapping {!r}
Potions
 g - 2 potions of curing {unknown}
 j - a potion of attraction {unknown}
 k - 3 potions of brilliance {unknown}
 l - a potion of heal wounds {unknown}
 s - 2 potions of invisibility {unknown}
 H - 3 potions of haste
 L - 2 potions of lignification {!q}


   Skills:
 + Level 8.2 Fighting
 - Level 10.4(10.9) Axes
 * Level 4.8(8.3) Maces & Flails
 - Level 2.0 Throwing
 + Level 7.6 Armour
 - Level 4.4 Dodging
 + Level 5.0 Invocations


You had 8 spell levels left.
You didn't know any spells.
Your spell library contained the following spells:

 Spells                   Type           Power      Damage    Failure   Level
 Animate Skeleton         Necr           0%         N/A       99%         1
 Apportation              Tloc           0%         N/A       99%         1
 Corona                   Hex            0%         N/A       99%         1
 Summon Small Mammal      Summ           0%         N/A       99%         1


Dungeon Overview and Level Annotations

Branches:
Dungeon (8/15)             Temple (1/1) D:5          Bailey (1/1)
   Lair: D:8-11

Altars:
Cheibriados
Fedhas
Hepliaklqana
Kikubaaqudgha
Makhleb
Nemelex Xobeh
Uskayaw
Wu Jian
Xom
Zin
The Shining One

Annotations:
D:5 3 runed translucent doors, Cralpanu's ghost, weakling HODe; LeChuckSC's ghost, novice MfWn; Sassenached's ghost, novice GnWn


Innate Abilities, Weirdness & Mutations

You have a pair of horns on your head.
You reflexively headbutt those who attack you in melee.


Message History

You hit the orc warrior but do no damage.
You headbutt the orc warrior.
The orc warrior is severely wounded.
The orc warrior hits you with a +0 glaive!
* * * LOW HITPOINT WARNING * * *
You barely miss the orc warrior.
The orc warrior is severely wounded.
The orc warrior hits you with a +0 glaive!
* * * LOW HITPOINT WARNING * * *
You closely miss the orc warrior.
The orc warrior is severely wounded.
The orc warrior hits you with a +0 glaive.
* * * LOW HITPOINT WARNING * * *
You hit the orc warrior. Your headbutt misses the orc warrior.
The orc warrior is almost dead.
You closely miss the orc warrior.
The orc warrior is almost dead.
The orc warrior hits you but does no damage.
Unknown command.
You barely miss the orc warrior. Your headbutt misses the orc warrior.
The orc warrior is almost dead.
The orc warrior hits you with a +0 glaive!
* * * LOW HITPOINT WARNING * * *
You closely miss the orc warrior.
The orc warrior is severely wounded.
The orc warrior hits you with a +0 glaive.
* * * LOW HITPOINT WARNING * * *
The orc warrior hits you but does no damage.
Things that are here:
a +0 spear; a +0 scale mail Throw: 7 darts (curare) {=f}
Press: ? - help, Q - select action, (/) - cycle Shift-Dir - straight line, f - orc warrior
Aim: an orc warrior, wielding a +0 glaive and wearing a +0 scale mail (severely wounded, 56% to hit)
You throw a curare-tipped dart {=f}.
The curare-tipped dart {=f} hits the orc warrior.
The orc warrior is poisoned.
The orc warrior convulses.
The orc warrior seems to slow down.
The orc warrior is almost dead.
The orc warrior hits you from afar with a +0 glaive!
You die...

### ########### #∩####
##.........##
##∩..#######..≈≈≈≈≈≈≈..##
####...##...≈≈.....≈≈..##
########.##.@≈o.###..≈≈..####
#.........##.).## ##.o≈≈.....
#.≈≈≈≈≈≈≈####### ##..≈≈≈≈≈≈
#.≈..##### ##.......
#.≈.##### ######## #.≈.##.$$
... #.≈..## ...# #.≈≈..##
##.## #∩.≈≈..# #+#.


You could see an orc warrior (very poisoned, slow).

Vanquished Creatures
  4 gargoyles (D:7)
  Grinder (D:3)
  A wraith (D:5)
  Sigmund (D:2)
  Eustachio (D:6)
  Menkaure (D:5)
  Edmund (D:5)
  A water moccasin (D:5)
  A black bear (D:4)
  2 ogres
  A necrophage (D:7)
  A kobold brigand (D:7)
  A phantom (D:6)
  2 bullfrogs (D:7)
  2 scorpions
  3 wights (D:7)
  2 howler monkeys (D:7)
  A centaur zombie (D:3)
  Crazy Yiuf (D:5)
  6 hounds
  3 orc priests (D:6)
  Terence (D:2)
  4 iguanas (D:5)
  4 orc wizards
  5 adders
  A howler monkey skeleton (D:4)
  A white imp (D:6)
  An ufetubus (D:5)
  An adder skeleton (D:4)
  2 worms
  A dart slug (D:5)
  13 orcs
  5 bats
  7 endoplasms
  2 giant cockroaches
  11 goblins
  8 hobgoblins
  10 jackals
  4 quokkas
  5 ball pythons
  5 frilled lizards
  9 kobolds
  7 rats
144 creatures vanquished.

Notes
Turn   | Place    | Note
-------+----------+-------------------------------------------
     0 | D:1      | wakim the Minotaur Gladiator began the quest for the Orb.
     0 | D:1      | Reached XP level 1. HP: 18/18 MP: 0/0
    70 | D:1      | Reached XP level 2. HP: 6/25 MP: 1/1
   409 | D:1      | Reached skill level 1 in Armour
   807 | D:1      | Reached XP level 3. HP: 30/30 MP: 2/2
  1427 | D:2      | Reached skill level 1 in Axes
  1434 | D:2      | Noticed Terence
  1435 | D:2      | Noticed Sigmund
  1460 | D:2      | Killed Terence
  1461 | D:2      | Reached XP level 4. HP: 32/38 MP: 3/3
  1615 | D:2      | Reached skill level 2 in Axes
  2061 | D:2      | Killed Sigmund
  2062 | D:2      | Reached skill level 3 in Axes
  2062 | D:2      | Reached XP level 5. HP: 46/46 MP: 4/4
  2062 | D:2      | Reached XP level 6. HP: 52/52 MP: 5/5
  2418 | D:3      | Noticed Grinder
  2423 | D:3      | Killed Grinder
  2424 | D:3      | Reached skill level 4 in Axes
  2427 | D:3      | Found a faded altar of an unknown god.
  2529 | D:3      | Reached skill level 5 in Axes
  2967 | D:4      | Reached XP level 7. HP: 60/60 MP: 6/6
  3010 | D:4      | Reached skill level 5 in Fighting
  3358 | D:4      | Found a burning altar of Makhleb.
  3363 | D:4      | Reached skill level 6 in Axes
  3497 | D:4      | Became a worshipper of Makhleb the Destroyer
  3509 | D:5      | Entered Level 5 of the Dungeon
  3509 | D:5      | Noticed Menkaure
  3514 | D:5      | Killed Menkaure
  3584 | D:5      | Noticed Edmund
  3598 | D:5      | Killed Edmund
  3599 | D:5      | Reached skill level 1 in Invocations
  3704 | D:5      | Found a runed translucent gate.
  3705 | D:5      | Found a runed translucent gate.
  3758 | D:5      | Found a runed translucent gate.
  3765 | D:5      | Reached XP level 8. HP: 65/70 MP: 6/8
  3765 | D:5      | Noticed LeChuckSC's ghost (novice MfWn)
  3766 | D:5      | Noticed Cralpanu's ghost (weakling HODe)
  3766 | D:5      | Noticed Sassenached's ghost (novice GnWn)
  3886 | D:5      | Reached skill level 5 in Armour
  4018 | D:5      | Reached skill level 7 in Axes
  4024 | D:5      | Found a staircase to the Ecumenical Temple.
  4068 | Temple   | Entered the Ecumenical Temple
  4216 | D:5      | Identified the +3 mace "Hyjerirch" {drain, Int+6}
  4222 | D:5      | Found a runed translucent door.
  4223 | D:5      | Noticed Crazy Yiuf
  4227 | D:5      | Killed Crazy Yiuf
  4628 | D:6      | Reached skill level 8 in Axes
  5283 | D:6      | Noticed Eustachio
  5301 | D:6      | Killed Eustachio
  5412 | D:6      | Reached * piety under Makhleb
  5707 | D:6      | Reached XP level 9. HP: 78/78 MP: 10/10
  5986 | D:7      | Reached skill level 9 in Axes
  6305 | D:7      | Found an ancient bone altar of Kikubaaqudgha.
  6308 | D:7      | Found a blossoming altar of Fedhas.
  6489 | D:7      | Found a glowing silver altar of Zin.
  6489 | D:7      | Found an ornate altar of the Wu Jian Council.
  6937 | D:7      | Noticed a gargoyle
  6948 | D:7      | Killed a gargoyle
  7088 | D:7      | Noticed a gargoyle
  7093 | D:7      | Killed a gargoyle
  7094 | D:7      | Reached skill level 10 in Axes
  7172 | D:7      | Noticed a gargoyle
  7174 | D:7      | Killed a gargoyle
  7180 | D:7      | Noticed a gargoyle
  7182 | D:7      | Killed a gargoyle
  7183 | D:7      | Reached skill level 5 in Invocations
  7243 | D:8      | Found a flagged portal.
  7254 | Bailey   | Entered a bailey
  7369 | Bailey   | HP: 4/81 [orc warrior/+0 glaive (5)]
  7372 | Bailey   | Mangled by an orc warrior

Illustrated notes

Levels and vault maps discovered:
D:1:      dpeg_arrival_simpleton_b, layout_loops_ring,
          chequers_serial_rivers_micro_e, chequers_decorated_corner,
          hangedman_abyss_or_decor_stabs, minmay_pentomino_r4
D:2:      layout_rooms, hex_large, uniq_terence, uniq_sigmund
D:3:      layout_loops_ring, ebering_ecumenical_altar_webs, uniq_grinder
D:4:      layout_layer_cave, makhleb_heckhound_becter
D:5:      minmay_chambers_of_fours, layout_basic,
          minmay_temple_entry_gardened_gates, gammafunk_ghost_cemetery,
          uniq_edmund, uniq_menkaure, uniq_crazy_yiuf_cottage
D:6:      layout_layer_cave, uniq_eustachio
D:7:      cheibrodos_statue_roulette, layout_cave_pods,
          grunt_temple_overflow_open
D:8:      layout_loops_ring, enter_bailey_3, serial_shops, shop,
          serial_co_window_serial, co_window_corner_a,
          co_window_of_opportunity_a, co_window_paths_a, co_window_corner_a,
          co_window_cross_1, co_window_of_opportunity_c,
          co_window_unsneaky_path_a, co_window_broadway_a, co_window_2corner,
          co_window_sun, glass_columns_a, glass_columns_b, uniq_psyche
Temple:   eino_temple_lava
Bailey:   bailey_polearm_1, bailey

Skill      XL: |  1  2  3  4  5  6  7  8  9 |
---------------+----------------------------+-----
Maces & Flails | 4 |  4.8
Armour         | 1 2 3 4 6 7 |  7.6
Fighting       | 3 4 5 6 8 |  8.2
Axes           | 1 3 5 6 8 10 | 10.4
Dodging        | 4 |  4.4
Invocations    | 1 3 5 |  5.0
Throwing       | |  2.0

Action                   |  1- 3 |  4- 6 |  7- 9 || total
-------------------------+-------+-------+-------++-------
Melee: Battleaxe         |    91 |    54 |   181 ||   326
       Headbutt          |    10 |    10 |    41 ||    61
       Dire flail        |       |       |    20 ||    20
 Fire: Hunting sling     |     3 |     5 |     7 ||    15
Throw: Dart              |       |       |     1 ||     1
  Use: Scroll            |       |     4 |     5 ||     9
Armor: Leather armour    |     4 |       |       ||     4
       Plate armour      |    74 |    54 |   136 ||   264
Dodge: Dodged            |    59 |    42 |   136 ||   237

Table legend: (Time is in decaauts)
 A = Elapsed time spent in this place.
 B = Non-inter-level travel time spent in this place.
 C = Inter-level travel time spent in this place.
 D = Time resting spent in this place.
 E = Time spent auto-exploring this place.
 F = Levels seen in this place.
 G = Mean time per level.
                   A        B        C        D        E       F      G
               +--------+--------+--------+--------+--------+-----+--------+
         Total |   7506 |   7232 |    274 |    429 |   5539 |  10 |  750.6 |
       Dungeon |   7388 |   7114 |    274 |    429 |   5528 |   8 |  923.5 |
        Temple |      1 |      1 |      0 |      0 |      0 |   1 |    1.0 |
        Bailey |    116 |    116 |      0 |      0 |     11 |   1 |  116.0 |
               +--------+--------+--------+--------+--------+-----+--------+

Top non-repeatable levels by time:
     D:5: 1549 daAuts
     D:1: 1434 daAuts
     D:7: 1286 daAuts
     D:6: 944 daAuts
     D:2: 809 daAuts
     D:3: 708 daAuts
     D:4: 640 daAuts
  Bailey: 116 daAuts
     D:8: 15 daAuts
  Temple: 1 daAuts
